Map: Acropolis LE

Players

MaNa - Winner!

  • Race: Protoss Protoss
  • Spawn Location: 11:00

Gerald

  • Race: Protoss Protoss
  • Spawn Location: 5:00

Event: 2019 WCS Summer

VOD

Have the link to the VOD?

Description

Time

  • Played on: July 12, 2019, 9:43 a.m.
  • Length: 6:18

All games in this series

Show
View Real Time Build Order
Export as new Build Order

MaNa Protoss - Winner!

Build Orders:  

Get SALT Encoding   

  12  0:00  Probe  
  13  0:12  Probe  
  14  0:19  Pylon  
  14  0:24  Probe  
  15  0:33  Probe  
  15  0:38  Gateway  
  15  0:41  Probe  
  16  0:47  Assimilator  
  17  0:51  Probe  
  17  0:55  Assimilator  
  18  0:59  Probe  
  19  1:08  Probe, Gateway  
  19  1:18  Probe  
  20  1:25  Cybernetics Core  
  21  1:30  Probe  
  22  1:35  Pylon  
  22  1:42  Probe  
  23  1:51  Warp Gate  
  23  1:54  Probe  
  24  2:01  Stalker, Sentry  
  24  2:06  Probe  
  29  2:12  Pylon  
  30  2:28  Stalker  
  31  2:32  Stalker  
  31  2:33  Pylon  
  33  2:50  Gateway  
  33  2:53  Robotics Facility  
  33  3:01  Stalker  
  35  3:09  Stalker  
  37  3:14  Shield Battery  
  37  3:20  Shield Battery  
  37  3:31  Immortal  
  37  3:45  Stalker  
  43  3:56  Sentry x2  
  43  3:59  Shield Battery  
  43  4:00  Warp Prism  
  45  4:14  Pylon  
  42  4:34  Stalker  
  42  4:35  Stalker x2  
  48  4:48  Immortal  
  42  5:09  Adept x3  
  48  5:30  Adept x3  
  48  5:34  Pylon  
  48  5:54  Adept x3  
Show
View Real Time Build Order
Export as new Build Order

Gerald Protoss 

Build Orders:  

Get SALT Encoding   

  12  0:00  Probe  
  13  0:12  Probe  
  14  0:17  Pylon  
  14  0:24  Probe  
  15  0:33  Probe  
  15  0:40  Gateway  
  15  0:41  Probe  
  16  0:47  Assimilator  
  17  0:51  Probe  
  17  0:54  Assimilator  
  18  0:59  Probe  
  19  1:07  Gateway  
  19  1:08  Probe  
  20  1:18  Probe  
  21  1:27  Cybernetics Core  
  21  1:31  Probe  
  22  1:33  Pylon  
  22  1:43  Probe  
  23  1:55  Probe  
  24  2:01  Pylon  
  24  2:04  Adept x2, Warp Gate  
  24  2:08  Probe  
  29  2:19  Robotics Facility  
  29  2:27  Pylon  
  30  2:39  Sentry  
  30  2:46  Nexus  
  30  2:48  Probe  
  31  2:59  Immortal  
  31  3:05  Probe  
  36  3:18  Probe, Pylon  
  37  3:24  Stalker  
  39  3:36  Immortal  
  39  3:39  Pylon  
  43  3:58  Stalker  
  43  4:03  Stalker  
  43  4:07  Warp Prism  
  47  4:22  Sentry  
  49  4:33  Sentry  
  49  4:34  Probe, Immortal  
  56  4:45  Stalker  
  56  5:02  Warp Prism  
  54  5:13  Stalker  
  54  5:14  Stalker  
  60  5:20  Probe  
  59  5:22  Probe  
  59  5:23  Gateway  
  60  5:31  Pylon  
  60  5:48  Stalker x2  
  27  6:14  Stalker x2  
Tags
 
Add a new tag
Caveats
  • Supply blocks, unpowered buildings, or Contaminate may cause inaccurate times.
  • Supply counts are checked every 10 seconds.